 Dungeon Crawl Stone Soup version 0.24-a0-784-g601f8f6d22 (webtiles) character file.

Game seed: 16495278878515401838, levelgen mode: deterministic

7659 Kohma the Severer (level 10, -1/93 HPs)
             Began as a Minotaur Berserker on Oct 9, 2019.
             Was a High Priest of Trog.
             Slain by an orc warrior
             ... wielding a +0 war axe
              (17 damage)
             ... in a bailey.
             The game lasted 00:27:29 (9583 turns).

Kohma the Severer (Minotaur Berserker)              Turns: 9583, Time: 00:27:30

Health: -1/93      AC: 15    Str: 27    XL:     10   Next: 99%
Magic:  9/9        EV: 11    Int:  4    God:    Trog [*****.]
Gold:   326        SH:  0    Dex: 11    Spells: 9/9 levels left

rFire    + . .     SeeInvis .   a - +0 battleaxe
rCold    + . .     Gourm    .   (shield currently unavailable)
rNeg     . . .     Faith    .   r - +5 scale mail {rF+}
rPois    .         Spirit   .   (helmet restricted)
rElec    .         Reflect  .   h - +0 cloak
rCorr    .         Harm     .   E - +0 pair of gloves
MR       .....                  (no boots)
Stlth    ..........             (no amulet)
HPRegen  0.25/turn              l - ring of protection from cold
MPRegen  0.11/turn              K - +3 ring of strength

@: starving
A: retaliatory headbutt, horns 2
a: Berserk, Trog's Hand, Brothers in Arms, Renounce Religion


You were in a bailey.
You worshipped Trog.
Trog was extremely pleased with you.
You were starving.

You visited 1 branch of the dungeon, and saw 10 of its levels.
You also visited: Bailey.

You collected 442 gold pieces.
You spent 116 gold pieces at shops.

Inventory:

Hand Weapons
 a - a +0 battleaxe (weapon)
 b - a +3 hunting sling
 N - a +4 hand axe
Missiles
 f - 277 arrows
 o - 15 sling bullets
 y - 155 stones
 A - 6 atropa-tipped darts (quivered)
Armour
 h - a +0 cloak (worn)
 r - a +5 scale mail of fire resistance (worn)
 E - a +0 pair of gloves (worn)
Jewellery
 l - a ring of protection from cold (left hand)
 w - an uncursed ring of see invisible
 C - an uncursed ring of flight
 F - a +4 ring of dexterity
 I - an uncursed ring of stealth
 J - an uncursed amulet of guardian spirit {unknown}
 K - a +3 ring of strength (right hand)
Wands
 q - a wand of paralysis (10)
 B - a wand of acid (6)
 D - a wand of flame (23)
 G - a wand of clouds (2)
 O - a wand of polymorph (23)
Scrolls
 e - 8 scrolls of teleportation
 g - 3 scrolls of remove curse
 j - 2 scrolls of fear
 k - 2 scrolls of enchant armour
 p - 2 scrolls of fog
 t - a scroll of magic mapping
 v - 3 scrolls of blinking
 x - 3 scrolls of enchant weapon
 M - a scroll of holy word {unknown}
Potions
 d - 5 potions of curing
 i - a potion of haste
 m - 3 potions of lignification
 n - 3 potions of agility
 u - a potion of flight
 z - 2 potions of brilliance
 H - a potion of invisibility {unknown}
Comestibles
 c - 18 rations
 L - 19 chunks of flesh


   Skills:
 + Level 10.0 Fighting
 * Level 15.8 Axes
 - Level 7.5 Armour
 - Level 2.1 Dodging


You had 9 spell levels left.
You didn't know any spells.
Your spell library was empty.

Dungeon Overview and Level Annotations

Branches:
Dungeon (10/15)            Temple (0/1) D:6          Bailey (1/1)
   Lair: D:8-11         Orc: D:9-12

Altars:
Ashenzari
Gozag
Nemelex Xobeh
Sif Muna
Trog
Xom
Yredelemnul
Zin

Shops:
D:6 [   D:7 *

Annotations:
D:9 2 transporters, Quhem's ghost, novice GrFi


Innate Abilities, Weirdness & Mutations

You reflexively headbutt those who attack you in melee.
You have a pair of horns on your head.


Message History

You barely miss the hobgoblin.
You headbutt the hobgoblin, but do no damage.
You closely miss the hobgoblin. The hobgoblin closely misses you.
You closely miss the hobgoblin.
You headbutt the hobgoblin, but do no damage.
The hobgoblin closely misses you.
You slash the hobgoblin!
You kill the hobgoblin!
Trog accepts your kill.
You closely miss the orc warrior.
The orc warrior hits you with a +0 war axe.
* * * LOW HITPOINT WARNING * * *
You hit the orc warrior but do no damage.
You headbutt the orc warrior, but do no damage.
You barely miss the orc warrior. The orc warrior barely misses you.
You slash the orc warrior!
The orc warrior is heavily wounded.
You recover from your berserk rage.
The orc warrior hits you with a +0 war axe!
You die...

...... ### # ......
###.#+# ##.# #.....
###.....### #.... ###.##
##.........## ......
###.
#..........8##...... #..
#..........8#....... #..
#∩....⌠...)o)....... #..
#.........@8#....... #..
#..........8##...... #..
##.....))..###......
###. ###...[)###.###....
###.##
###.#)#.....###.###.....
###.........###.......
#...........#........
#...........#........
#.....⌠....)#)....⌠..


You could see an orc warrior.

Vanquished Creatures
  A two-headed ogre (D:8)
  An unseen horror (D:7)
  2 orc knights (Bailey)
  A manticore (D:7)
  2 trolls
  A hippogriff (D:9)
  A slime creature (D:7)
  Sigmund (D:3)
  A wyvern (D:10)
  A hungry ghost (D:7)
  Menkaure (D:5)
  11 orc warriors
  7 ogres
  2 phantoms (D:9)
  A centaur (D:7)
  3 bullfrogs
  A gnoll sergeant (D:7)
  3 scorpions
  A vampire bat (D:3)
  2 howler monkeys (D:8)
  2 crimson imps
  A jelly (D:7)
  2 orc priests
  A bullfrog skeleton (D:7)
  A centaur skeleton (D:7)
  2 hounds
  6 worker ants
  Terence (D:2)
  2 iguanas
  2 orc wizards
  A hound skeleton (D:4)
  A howler monkey zombie (D:7)
  7 adders
  18 gnolls
  3 oozes
  3 adder skeletons
  2 worms
  6 dart slugs
  5 leopard geckos
  26 orcs
  13 bats
  5 giant cockroaches
  15 hobgoblins
  7 jackals
  5 quokkas
  8 frilled lizards
  16 goblins
  8 kobolds
  A leopard gecko skeleton (D:6)
  A quokka skeleton (D:6)
  11 rats
  2 plants (D:8)
228 creatures vanquished.

Vanquished Creatures (collateral kills)
  An orc warlord (Bailey)
1 creature vanquished.

Vanquished Creatures (others)
  7 plants (D:7)
7 creatures vanquished.

Grand Total: 236 creatures vanquished

Notes
Turn   | Place    | Note
-------+----------+-------------------------------------------
     0 | D:1      | Kohma the Minotaur Berserker began the quest for the Orb.
     0 | D:1      | Reached XP level 1. HP: 19/19 MP: 0/0
   171 | D:1      | Reached skill level 4 in Axes
   171 | D:1      | Reached XP level 2. HP: 19/26 MP: 1/1
   877 | D:1      | Reached XP level 3. HP: 31/31 MP: 2/2
  1518 | D:1      | Reached skill level 5 in Axes
  1911 | D:2      | Reached ** piety under Trog
  1980 | D:2      | Found a basalt altar of Yredelemnul.
  2073 | D:2      | Reached XP level 4. HP: 36/39 MP: 3/3
  2083 | D:2      | Noticed Terence
  2088 | D:2      | Killed Terence
  2695 | D:3      | Reached skill level 6 in Axes
  2695 | D:3      | Reached XP level 5. HP: 42/45 MP: 4/4
  2763 | D:3      | Found a glowing silver altar of Zin.
  2855 | D:3      | Noticed Sigmund
  2862 | D:3      | Killed Sigmund
  2862 | D:3      | Reached skill level 7 in Axes
  2862 | D:3      | Reached XP level 6. HP: 51/51 MP: 5/5
  3104 | D:3      | Reached skill level 5 in Armour
  3113 | D:3      | Reached *** piety under Trog
  3374 | D:4      | Reached skill level 8 in Axes
  3374 | D:4      | Reached XP level 7. HP: 28/57 MP: 6/6
  3583 | D:4      | Found a bloodstained altar of Trog.
  3704 | D:4      | Found a shimmering blue altar of Sif Muna.
  3705 | D:4      | Found a shimmering altar of Xom.
  3763 | D:4      | You fall into a shaft and drop 3 floors!
  3777 | D:7      | Found Pogy's Assorted Antiques.
  3785 | D:7      | Bought a scroll labeled HAIS CADUZ for 25 gold pieces
  3785 | D:7      | Bought a scroll labeled MAMA OPHICS for 25 gold pieces
  3785 | D:7      | Bought a golden potion for 22 gold pieces
  3785 | D:7      | Bought a pink potion for 22 gold pieces
  3785 | D:7      | Bought an amethyst potion for 22 gold pieces
  3815 | D:7      | Noticed a hungry ghost
  3834 | D:7      | Killed a hungry ghost
  3842 | D:7      | Reached skill level 9 in Axes
  3894 | D:7      | Reached XP level 8. HP: 29/64 MP: 7/7
  4177 | D:7      | Noticed a manticore
  4192 | D:7      | Killed a manticore
  4192 | D:7      | Reached skill level 10 in Axes
  4591 | D:6      | Found a sparkling altar of Nemelex Xobeh.
  4592 | D:6      | Found Vaenul's Armour Boutique.
  4602 | D:6      | Reached skill level 11 in Axes
  4830 | D:5      | Entered Level 5 of the Dungeon
  5175 | D:5      | Found a shattered altar of Ashenzari.
  5658 | D:5      | Noticed Menkaure
  5662 | D:5      | Killed Menkaure
  5662 | D:5      | Reached skill level 5 in Fighting
  5927 | D:6      | Reached XP level 9. HP: 42/74 MP: 8/8
  5940 | D:6      | Reached skill level 12 in Axes
  5997 | D:6      | Found an opulent altar of Gozag.
  6289 | D:6      | Noticed a troll
  6310 | D:6      | Killed a troll
  6678 | D:6      | Found a staircase to the Ecumenical Temple.
  6793 | D:6      | You fall into a shaft and drop 2 floors!
  6979 | D:7      | Noticed an unseen horror
  6990 | D:7      | Killed an unseen horror
  6990 | D:7      | Reached skill level 13 in Axes
  7319 | D:7      | Reached **** piety under Trog
  7614 | D:8      | Got an encrusted rapier
  7616 | D:8      | Identified the +7 rapier "Uprilot" {freeze, rPois rF+
                  | Int-4} (You found it on level 8 of the Dungeon)
  7796 | D:8      | Noticed a two-headed ogre
  7808 | D:8      | Killed a two-headed ogre
  7808 | D:8      | Reached skill level 14 in Axes
  7808 | D:8      | Reached XP level 10. HP: 40/88 MP: 9/9
  8984 | D:9      | Identified the +5 great mace "Killer Klown's Peril" {flame,
                  | rC- Str+6 Dex+3 Stlth+}
  8984 | D:9      | Identified the cursed +0 dire flail "Hiteupia" {freeze,
                  | Int+3}
  8984 | D:9      | Noticed a two-headed ogre
  8984 | D:9      | Noticed Quhem's ghost (novice GrFi)
  8985 | D:9      | Found a transporter.
  8995 | D:9      | Found a transporter.
  9165 | D:9      | You fall into a shaft and drop 1 floor!
  9165 | D:10     | Entered Level 10 of the Dungeon
  9193 | D:10     | Found a flagged portal.
  9215 | Bailey   | Entered a bailey
  9457 | Bailey   | Noticed an orc knight
  9466 | Bailey   | Killed an orc knight
  9466 | Bailey   | Reached skill level 15 in Axes
  9523 | Bailey   | Noticed an orc warlord
  9524 | Bailey   | Noticed an orc knight
  9527 | Bailey   | Reached ***** piety under Trog
  9540 | Bailey   | Killed an orc warlord
  9566 | Bailey   | Killed an orc knight
  9566 | Bailey   | Reached skill level 10 in Fighting
  9583 | Bailey   | Slain by an orc warrior

Levels and vault maps discovered:
D:1:      dpeg_arrival_pits, layout_basic, serial_forest,
          infiniplex_forest_zigzag_1, infiniplex_forest_clump_cross,
          infiniplex_forest_end_2, infiniplex_forest_clump_small,
          infiniplex_forest_straight_4, infiniplex_forest_zigzag_2,
          infiniplex_forest_zigzag_1, grunt_decor_one_mirror, minmay_hexomino_u4
D:2:      layout_loops_cross, nicolae_overflow_hidden_temple, uniq_terence
D:3:      layout_rooms, lemuel_doored_altar, first_ration, roderic_batcave,
          uniq_sigmund
D:4:      layout_rooms, marbit_many_paths, gammafunk_temple_overflow_pools
D:5:      layout_gridville, evilmike_ruin_ashenzari, uniq_menkaure
D:6:      layout_cave_pools, nemelex_xobeh_ov_fountains_minmay,
          grunt_gozag_breadcrumbs, temple_pool_b, serial_shops,
          nicolae_shop_stone
D:7:      layout_rooms, serial_shops, nicolae_shop_statue_plus,
          minmay_shattered_shrine
D:8:      minmay_weird_star, layout_basic, grunt_pizzeria
D:9:      layout_roguey, lemuel_coloured_pillars_altar, gammafunk_ghost_smash
D:10:     layout_basic, enter_bailey_3
Bailey:   bailey_axe_minmay_hex_keep, bailey

Skill      XL: |  1  2  3  4  5  6  7  8  9 10 |
---------------+-------------------------------+-----
Axes           | 4 5 6 7 8 9 11 14 15 | 15.8
Armour         | 3 4 5 6 7 |  7.5
Fighting       | 5 8 10 | 10.0
Dodging        | |  2.1

Action                   |  1- 3 |  4- 6 |  7- 9 | 10-12 || total
-------------------------+-------+-------+-------+-------++-------
Melee: Hand axe          |    92 |   113 |   111 |    64 ||   380
       Headbutt          |    16 |    19 |    60 |    41 ||   136
       War axe           |       |       |   129 |    71 ||   200
       Battleaxe         |       |       |       |    47 ||    47
Throw: Dart              |       |     3 |    10 |       ||    13
Invok: Berserk           |       |     2 |     3 |     2 ||     7
       Brothers in Arms  |       |       |       |     1 ||     1
 Abil: Evoke Flight      |       |       |       |     2 ||     2
  Use: Scroll            |       |       |    15 |     2 ||    17
       Potion            |       |       |     6 |       ||     6
 Stab: Invisible         |       |     1 |       |       ||     1
  Eat: Chunk             |     4 |     6 |    17 |     2 ||    29
       Ration            |       |       |     1 |     1 ||     2
Armor: Animal skin       |     6 |       |       |       ||     6
       Leather armour    |    14 |       |       |       ||    14
       Ring mail         |     1 |       |       |       ||     1
       Scale mail        |       |    58 |    95 |    41 ||   194
       Skin              |       |       |     5 |       ||     5
Dodge: Dodged            |    53 |    68 |    97 |    45 ||   263

Table legend:
 A = Non-vault XP
 B = Vault XP
 C = Vault XP percentage of total XP
 D = Non-vault monster count
 E = Vault monster count
 F = Vault count percentage of total count
                 A         B        C        D         E       F
            +---------+---------+-------+---------+---------+-------
      Total |    4426 |    6516 |  59.6 |     131 |      96 |  42.3
            +---------+---------+-------+---------+---------+-------
        D:1 |      57 |       8 |  12.3 |      25 |       4 |  13.8
        D:2 |      76 |      36 |  32.1 |      21 |       1 |   4.5
        D:3 |      74 |     283 |  79.3 |      16 |      11 |  40.7
        D:4 |     228 |       2 |   0.9 |       9 |       1 |  10.0
        D:5 |     284 |     175 |  38.1 |      13 |       1 |   7.1
        D:6 |     939 |       0 |   0.0 |      22 |       0 |   0.0
        D:7 |     548 |    2415 |  81.5 |      11 |      15 |  57.7
        D:8 |    1158 |     129 |  10.0 |       7 |       1 |  12.5
        D:9 |     869 |       0 |   0.0 |       6 |       0 |   0.0
       D:10 |     193 |       8 |   4.0 |       1 |       4 |  80.0
     Bailey |       0 |    3460 | 100.0 |       0 |      58 | 100.0
            +---------+---------+-------+---------+---------+-------
